Map: Oxide LE

Players

Lambo - Winner!

  • Race: Zerg Zerg
  • League: Grandmaster
  • Spawn Location: 7:00

MaxPax

  • Race: Protoss Protoss
  • League: Master
  • Spawn Location: 1:00

VOD

Have the link to the VOD?

Description

Time

  • Played on: Feb. 18, 2021, 10:41 a.m.
  • Length: 24:33
Show
View Real Time Build Order
Export as new Build Order

Lambo Zerg - Winner!

Build Orders: Hatch First 

Get SALT Encoding   

  12  0:01  Drone  
  13  0:12  Overlord  
  13  0:16  Drone  
  14  0:30  Drone x2  
  16  0:47  Hatchery  
  15  0:50  Drone  
  15  0:54  Drone  
  17  0:58  Drone  
  18  1:08  Extractor  
  17  1:13  Spawning Pool  
  17  1:16  Drone  
  17  1:19  Drone  
  18  1:30  Drone  
  19  1:39  Drone  
  20  1:49  Drone  
  21  2:00  Queen x2  
  26  2:01  Zergling x2  
  26  2:02  Overlord  
  26  2:13  Zergling x2  
  26  2:14  Drone  
  28  2:21  Drone, Metabolic Boost  
  29  2:23  Drone  
  30  2:31  Drone  
  30  2:32  Drone  
  32  2:43  Drone  
  33  2:44  Hatchery  
  33  2:47  Overlord  
  32  2:54  Queen  
  32  2:58  Drone x2  
  36  3:06  Drone  
  36  3:07  Drone  
  36  3:11  Drone x3  
  41  3:15  Queen  
  41  3:19  Overlord  
  43  3:21  Drone  
  44  3:27  Overlord  
  44  3:36  Queen  
  44  3:39  Drone x2  
  48  3:44  Overlord  
  48  3:45  Drone x2  
  48  3:47  Drone  
  51  3:50  Overlord  
  52  3:55  Drone  
  52  3:58  Overlord  
  52  3:59  Drone  
  52  4:01  Queen  
  55  4:05  Drone  
  55  4:07  Drone x3  
  55  4:08  Drone  
  60  4:11  Drone  
  60  4:13  Lair  
  60  4:15  Drone x2  
  60  4:16  Extractor  
  62  4:19  Drone  
  62  4:20  Spore Crawler  
  62  4:21  Drone  
  63  4:25  Drone  
  63  4:26  Drone, Spore Crawler  
  63  4:30  Drone x2  
  66  4:33  Baneling Nest, Drone  
  66  4:41  Zergling x8  
  66  4:43  Drone  
  70  4:48  Evolution Chamber  
  70  4:49  Drone x5  
  70  4:50  Drone  
  70  4:51  Extractor  
  70  4:52  Extractor, Drone  
  74  4:57  Drone x3  
  77  5:07  Queen  
  77  5:08  Drone x3  
  81  5:15  Overlord  
  81  5:17  Zerg Melee Weapons Level 1  
  81  5:18  Overlord  
  81  5:19  Overlord  
  81  5:21  Overlord  
  81  5:23  Hydralisk Den, Zergling x2  
  81  5:24  Zergling x2  
  81  5:25  Overlord  
  81  5:28  Overlord  
  81  5:31  Overlord, Extractor  
  81  5:33  Extractor  
  81  5:34  Zergling x6  
  82  5:39  Drone x2  
  82  5:41  Drone x3  
  87  5:44  Queen  
  87  5:46  Queen  
  87  5:48  Drone x2  
  93  5:53  Drone x3  
  96  5:59  Hatchery  
  96  6:00  Drone x2  
  96  6:02  Drone  
  96  6:05  Drone x3  
  98  6:11  Drone x2  
  98  6:12  Evolution Chamber, Overseer  
  98  6:17  Muscular Augments  
  99  6:20  Drone  
  99  6:21  Drone x2  
  102  6:30  Hydralisk x5  
  112  6:37  Infestation Pit  
  111  6:40  Hydralisk x3  
  117  6:48  Drone  
  117  6:49  Drone x5  
  117  6:50  Drone x3  
  121  6:55  Drone x3  
  121  7:00  Zerg Ground Armor Level 1  
  124  7:02  Drone x3  
  124  7:05  Hydralisk  
  129  7:08  Overlord  
  129  7:13  Overlord  
  129  7:15  Overlord  
  128  7:16  Drone x4  
  128  7:18  Extractor  
  128  7:20  Extractor, Centrifical Hooks  
  128  7:22  Zergling x2  
  131  7:27  Hydralisk x3  
  137  7:32  Hydralisk  
  137  7:33  Hydralisk  
  141  7:38  Hive, Drone, Hydralisk x3  
  141  7:42  Overlord  
  141  7:44  Drone x3  
  150  7:47  Spire  
  149  7:56  Overseer  
  149  7:59  Hydralisk x3  
  149  8:03  Hatchery  
  154  8:06  Zergling x20  
  163  8:19  Zerg Melee Weapons Level 2  
  163  8:20  Drone x5  
  163  8:26  Overlord  
  168  8:28  Overlord x2  
  168  8:29  Overlord  
  168  8:32  Overlord  
  168  8:34  Overlord  
  168  8:35  Spire  
  168  8:36  Baneling  
  167  8:52  Viper x3  
  167  8:53  Viper  
  167  8:54  Hydralisk  
  167  8:55  Zergling x24  
  189  9:00  Zerg Ground Armor Level 2  
  188  9:03  Zergling x10, Ultralisk Cavern  
  188  9:05  Baneling x7  
  188  9:08  Zergling x14  
  198  9:15  Zergling x14  
  198  9:17  Baneling x7  
  198  9:27  Zerg Flyer Armor Level 1  
  198  9:29  Overseer  
  198  9:33  Baneling x9  
  196  9:40  Baneling x6  
  196  9:41  Zergling x6  
  198  9:48  Zergling x8  
  188  10:03  Chitinous Plating, Zerg Flyer Weapons Level 1  
  188  10:04  Drone x4  
  188  10:06  Extractor, Spine Crawler  
  190  10:07  Extractor, Spine Crawler  
  190  10:09  Spine Crawler x2  
  190  10:11  Spine Crawler  
  190  10:12  Spine Crawler x2  
  182  10:17  Drone x2  
  184  10:21  Spore Crawler, Spine Crawler  
  184  10:26  Ultralisk x3  
  195  10:32  Drone x4  
  199  10:37  Spore Crawler  
  199  10:42  Spore Crawler x2  
  196  10:43  Spore Crawler x2  
  194  10:52  Pneumatized Carapace, Overseer  
  194  10:53  Zerg Melee Weapons Level 3  
  194  10:54  Corruptor x2  
  188  11:08  Ultralisk  
  194  11:11  Drone x4, Hatchery  
  194  11:12  Drone x3  
  200  11:26  Spore Crawler  
  200  11:27  Spore Crawler x2  
  200  11:29  Spore Crawler  
  200  11:30  Spore Crawler  
  195  11:34  Zerg Flyer Armor Level 2  
  195  11:35  Zerg Ground Armor Level 3  
  195  11:36  Spore Crawler  
  195  11:37  Spore Crawler  
  195  11:39  Corruptor x3  
  199  11:40  Spore Crawler  
  199  11:41  Spore Crawler  
  197  11:52  Zergling x6  
  197  11:53  Baneling x11  
  193  12:08  Greater Spire  
  193  12:15  Drone x3  
  195  12:17  Drone x4  
  198  12:23  Spore Crawler  
  198  12:26  Spore Crawler  
  198  12:28  Spore Crawler  
  194  12:39  Spore Crawler x2  
  194  12:40  Spore Crawler x2  
  194  12:42  Corruptor x4  
  198  12:44  Spore Crawler  
  198  12:48  Drone x2  
  199  13:00  Extractor, Hatchery  
  199  13:02  Extractor  
  199  13:03  Pathogen Glands  
  196  13:11  Drone x4  
  199  13:19  Hatchery  
  196  13:21  Corruptor  
  198  13:32  Spore Crawler  
  198  13:33  Spore Crawler, Corruptor, Overseer  
  198  13:34  Corruptor x2  
  193  13:36  Zerg Flyer Weapons Level 2  
  193  13:38  Spore Crawler  
  198  13:53  Overseer x2  
  198  13:54  Overseer  
  198  14:08  Ultralisk  
  198  14:09  Spore Crawler  
  191  14:12  Zerg Missile Weapons Level 1, Spore Crawler  
  191  14:13  Corruptor x4  
  197  14:25  Corruptor x3  
  198  14:35  Overlord  
  198  14:39  Overlord  
  198  14:41  Overlord  
  198  14:42  Hatchery  
  198  14:43  Overlord  
  198  14:44  Queen  
  198  14:45  Overlord  
  195  14:58  Ultralisk x3  
  195  14:59  Corruptor x3  
  198  15:35  Extractor  
  198  15:41  Corruptor  
  163  16:06  Ultralisk x3  
  163  16:08  Ultralisk x2  
  189  16:19  Ultralisk  
  191  16:30  Drone x9  
  197  16:36  Hatchery  
  195  16:41  Zergling x10  
  195  16:46  Zerg Flyer Weapons Level 3  
  195  16:47  Zerg Flyer Armor Level 3  
  198  17:00  Zerg Missile Weapons Level 2  
  198  17:02  Lurker Den  
  197  17:09  Drone x3  
  197  17:14  Hatchery  
  197  17:35  Zergling x4  
  197  17:36  Overseer  
  199  17:40  Overseer  
  199  18:13  Hatchery  
  199  18:16  Spore Crawler  
  199  18:17  Spine Crawler x2  
  199  18:18  Spine Crawler  
  194  18:20  Spine Crawler  
  189  18:29  Brood Lord  
  189  18:30  Brood Lord x4  
  196  18:38  Spire  
  195  18:41  Brood Lord x3  
  199  19:06  Hydralisk Den  
  193  19:10  Brood Lord  
  193  19:11  Brood Lord x3  
  198  19:17  Brood Lord  
  198  19:19  Corruptor  
  200  19:24  Lair  
  200  19:28  Neural Parasite  
  200  20:35  Hatchery  
  199  20:39  Spore Crawler  
  199  20:42  Greater Spire, Spine Crawler x2  
  196  20:53  Corruptor  
  196  20:54  Corruptor  
  200  21:48  Hatchery, Infestation Pit  
  200  21:50  Extractor x2  
  196  22:02  Corruptor x2  
  150  22:44  Corruptor x7  
  150  22:47  Corruptor x3  
  150  22:50  Zergling x8  
  174  22:52  Infestor  
  174  22:53  Infestor x6  
  174  22:56  Corruptor  
  190  23:16  Hatchery  
  182  23:28  Corruptor x2  
  182  23:31  Corruptor x8  
  186  23:35  Zergling x8  
  186  23:39  Viper x2  
Show
View Real Time Build Order
Export as new Build Order

MaxPax Protoss 

Build Orders: 1 Gate Expand, Oracle Opening, Carriers, Zealot Archon 

Get SALT Encoding   

  12  0:00  Probe  
  13  0:12  Probe  
  14  0:19  Pylon  
  14  0:24  Probe  
  15  0:37  Probe (Chrono Boost)  
  15  0:39  Gateway  
  16  0:47  Probe (Chrono Boost), Assimilator  
  17  0:52  Probe (Chrono Boost)  
  18  1:03  Probe  
  19  1:15  Pylon, Probe  
  20  1:29  Nexus  
  20  1:36  Cybernetics Core  
  20  1:38  Probe  
  21  1:45  Assimilator  
  21  1:51  Probe  
  22  1:54  Pylon  
  22  2:03  Probe (Chrono Boost)  
  23  2:12  Stalker  
  23  2:15  Probe (Chrono Boost)  
  26  2:21  Stargate, Probe (Chrono Boost)  
  27  2:29  Probe (Chrono Boost)  
  27  2:32  Warp Gate  
  28  2:41  Probe (Chrono Boost)  
  28  2:42  Adept  
  28  2:43  Probe (Chrono Boost)  
  32  2:50  Probe (Chrono Boost)  
  32  2:51  Probe (Chrono Boost)  
  34  2:56  Probe x2 (Chrono Boost)  
  36  3:03  Gateway  
  36  3:04  Void Ray (Chrono Boost)  
  36  3:07  Probe x2  
  44  3:20  Probe x2  
  44  3:22  Pylon  
  44  3:32  Probe x2  
  46  3:44  Probe x2, Nexus  
  46  3:46  Oracle (Chrono Boost)  
  48  3:52  Pylon  
  51  3:56  Probe  
  51  3:58  Assimilator  
  51  4:00  Probe, Assimilator  
  53  4:07  Stargate  
  53  4:08  Probe  
  54  4:13  Pylon, Probe  
  55  4:20  Probe  
  55  4:21  Void Ray (Chrono Boost), Shield Battery  
  56  4:25  Pylon, Probe  
  61  4:32  Probe  
  61  4:37  Probe  
  63  4:44  Probe  
  64  4:46  Robotics Facility  
  64  4:49  Probe  
  64  4:52  Assimilator  
  65  4:54  Adept x2  
  65  4:56  Void Ray (Chrono Boost), Assimilator  
  69  5:04  Probe x3  
  69  5:06  Void Ray (Chrono Boost)  
  80  5:16  Probe x3  
  83  5:25  Void Ray (Chrono Boost)  
  84  5:28  Probe  
  84  5:30  Probe  
  84  5:31  Probe  
  90  5:40  Forge, Robotics Bay, Probe  
  90  5:42  Probe  
  92  5:43  Pylon, Probe  
  92  5:47  Pylon  
  92  5:48  Pylon  
  93  6:01  Probe x2  
  93  6:03  Void Ray  
  93  6:04  Void Ray  
  95  6:07  Probe  
  95  6:09  Twilight Council  
  102  6:13  Zealot x2  
  102  6:16  Gateway  
  102  6:17  Gateway  
  104  6:19  Observer  
  104  6:23  Gateway  
  104  6:25  Gateway  
  105  6:34  Protoss Ground Weapons Level 1 (Chrono Boost)  
  105  6:38  Gateway  
  105  6:39  Disruptor (Chrono Boost)  
  105  6:40  Gateway  
  105  6:41  Gateway  
  105  6:58  Templar Archives  
  105  7:00  Pylon  
  105  7:01  Zealot, Void Ray, Sentry  
  105  7:06  Photon Cannon  
  105  7:07  Disruptor (Chrono Boost)  
  113  7:08  Photon Cannon  
  113  7:10  Shield Battery  
  113  7:12  Pylon  
  116  7:18  Protoss Air Weapons Level 1 (Chrono Boost)  
  116  7:22  Gateway  
  116  7:24  Probe x2  
  116  7:25  Pylon  
  116  7:27  Probe  
  119  7:31  Observer  
  119  7:34  High Templar, Charge (Chrono Boost)  
  119  7:35  High Templar  
  123  7:40  Pylon, Archon, Nexus  
  123  7:42  Probe  
  124  7:45  Pylon, Disruptor (Chrono Boost)  
  124  7:46  Probe x2  
  129  7:52  Assimilator  
  129  7:54  Probe, Assimilator  
  130  7:59  Photon Cannon  
  130  8:01  Pylon, High Templar x2  
  130  8:02  Zealot x3  
  140  8:05  Photon Cannon  
  140  8:07  Archon  
  140  8:17  Photon Cannon, Gateway  
  138  8:20  Probe x2  
  138  8:24  Fleet Beacon  
  138  8:25  Pylon  
  138  8:26  Photon Cannon  
  140  8:29  Probe  
  141  8:35  Observer (Chrono Boost)  
  141  8:37  Protoss Ground Weapons Level 2 (Chrono Boost)  
  142  8:43  Probe  
  143  8:48  Zealot x6  
  143  8:52  Photon Cannon, Probe  
  155  8:55  High Templar  
  155  8:56  High Templar  
  155  8:58  Probe  
  155  8:59  Archon  
  160  9:03  High Templar  
  160  9:04  High Templar  
  160  9:06  Shield Battery  
  160  9:08  Probe  
  160  9:09  Archon  
  165  9:11  Pylon  
  163  9:18  High Templar x2  
  163  9:20  Zealot x5  
  163  9:23  Archon  
  177  9:28  Probe  
  178  9:32  Probe  
  178  9:36  Carrier (Chrono Boost)  
  185  9:39  Carrier (Chrono Boost)  
  185  9:58  High Templar x2, Psionic Storm  
  185  9:59  High Templar  
  179  10:01  Zealot x5  
  179  10:02  Zealot x2  
  193  10:07  Probe x2  
  195  10:18  Shield Battery  
  195  10:20  Shield Battery  
  195  10:22  Photon Cannon  
  195  10:23  Pylon x2  
  195  10:27  Photon Cannon  
  181  10:29  Photon Cannon  
  181  10:30  Shield Battery  
  181  10:31  Pylon  
  181  10:32  Protoss Air Weapons Level 2 (Chrono Boost)  
  181  10:36  Photon Cannon  
  181  10:38  Shield Battery  
  181  10:43  Carrier (Chrono Boost)  
  181  10:47  High Templar  
  195  10:52  Carrier (Chrono Boost)  
  195  10:55  High Templar  
  195  11:03  Protoss Ground Weapons Level 3 (Chrono Boost), Zealot x3  
  199  11:15  Observer  
  199  11:18  Stargate  
  200  11:20  Flux Vanes  
  200  11:27  Gateway  
  200  11:36  Nexus  
  200  11:38  Pylon  
  200  11:40  Pylon  
  200  11:42  Pylon  
  194  11:48  Immortal (Chrono Boost)  
  194  11:52  Robotics Facility  
  198  11:57  Robotics Facility  
  196  12:08  Photon Cannon  
  190  12:11  Photon Cannon, Carrier (Chrono Boost)  
  190  12:14  Pylon  
  190  12:15  Pylon  
  196  12:16  Pylon, Immortal (Chrono Boost)  
  196  12:17  Shield Battery  
  196  12:18  Pylon  
  197  12:38  Protoss Air Weapons Level 3 (Chrono Boost)  
  197  12:39  Photon Cannon x2  
  197  12:41  Photon Cannon  
  197  12:42  Photon Cannon  
  197  12:44  Photon Cannon  
  197  12:46  Shield Battery  
  197  12:47  Shield Battery  
  197  12:49  Dark Shrine  
  197  12:50  Photon Cannon  
  197  12:54  Assimilator  
  197  12:59  Assimilator  
  197  13:05  Photon Cannon  
  197  13:08  Zealot  
  189  13:20  Stargate  
  195  13:36  Immortal (Chrono Boost)  
  195  13:37  Immortal (Chrono Boost)  
  195  13:43  Immortal (Chrono Boost)  
  199  14:02  Pylon  
  199  14:21  Nexus  
  199  14:23  Pylon  
  199  14:25  Pylon  
  195  14:46  Zealot x3  
  195  14:49  Zealot x4  
  193  14:56  Pylon  
  193  14:58  Photon Cannon  
  193  14:59  Photon Cannon  
  185  15:00  Photon Cannon  
  185  15:01  Photon Cannon x2  
  185  15:02  Protoss Shields Level 1 (Chrono Boost)  
  185  15:03  Carrier x2, Photon Cannon  
  185  15:04  Photon Cannon  
  185  15:05  Photon Cannon  
  185  15:07  Shield Battery  
  197  15:08  Shield Battery  
  197  15:12  Shield Battery  
  197  15:13  Stalker  
  199  15:15  Assimilator  
  199  15:16  Assimilator  
  199  15:18  Pylon  
  181  15:36  Zealot x7  
  181  15:37  Zealot x2  
  181  15:39  Observer  
  148  16:05  Carrier  
  148  16:08  High Templar  
  148  16:09  High Templar x5  
  148  16:10  Immortal x2 (Chrono Boost)  
  153  16:16  Stalker x5  
  153  16:17  Immortal (Chrono Boost)  
  157  16:19  Blink (Chrono Boost)  
  157  16:21  Gateway  
  157  16:23  Gateway  
  150  16:40  Gateway, Probe x3  
  150  16:42  Shadow Stride (Chrono Boost)  
  151  16:48  Immortal x2 (Chrono Boost)  
  151  16:52  High Templar x2  
  151  16:53  High Templar x4  
  169  16:57  Immortal (Chrono Boost)  
  169  16:59  Archon, Pylon  
  169  17:00  Archon  
  167  17:01  Archon  
  167  17:02  Pylon  
  167  17:11  Pylon  
  167  17:17  Dark Templar x4  
  167  17:19  Immortal  
  177  17:29  Carrier  
  165  17:42  Gravitic Boosters (Chrono Boost)  
  166  17:44  Observer  
  166  17:45  Protoss Shields Level 2  
  166  17:51  Immortal  
  166  17:56  High Templar x5  
  166  17:57  High Templar x3  
  186  18:06  Archon x3  
  186  18:07  Archon  
  186  18:08  High Templar x3  
  186  18:09  High Templar  
  186  18:12  Archon  
  194  18:13  Archon  
  194  18:14  High Templar  
  194  18:15  High Templar  
  194  18:17  Pylon  
  194  18:19  Archon  
  198  18:21  Protoss Air Armor Level 1 (Chrono Boost)  
  197  18:53  Dark Templar  
  193  18:57  Dark Templar x3  
  199  19:08  Nexus  
  199  19:13  Pylon  
  199  19:22  Observer  
  194  19:46  Void Ray x2 (Chrono Boost)  
  199  20:11  Void Ray (Chrono Boost)  
  195  20:20  Void Ray (Chrono Boost)  
  193  20:21  Void Ray (Chrono Boost)  
  193  20:22  Protoss Shields Level 3  
  193  20:24  Pylon  
  197  20:40  Pylon  
  197  20:43  Nexus  
  197  20:44  Pylon  
  197  20:46  Pylon  
  197  20:48  Assimilator  
  197  20:50  Assimilator  
  197  20:53  Stalker  
  197  20:55  Photon Cannon  
  197  20:56  Photon Cannon  
  199  20:57  Photon Cannon  
  199  20:59  Shield Battery  
  199  21:00  Protoss Air Armor Level 2 (Chrono Boost)  
  199  21:01  Pylon  
  199  21:02  Pylon  
  198  21:16  Void Ray  
  198  21:17  Void Ray  
  198  21:30  Void Ray  
  198  21:40  Stargate x2  
  196  21:47  Photon Cannon  
  196  21:49  Photon Cannon  
  196  21:51  Photon Cannon  
  196  21:52  Pylon  
  187  22:20  Tempest x2 (Chrono Boost)  
  191  22:31  Tempest x2 (Chrono Boost)  
  145  22:46  Stargate  
  150  22:54  Tempest (Chrono Boost)  
  149  23:02  Probe x2  
  131  23:36  Photon Cannon  
  131  23:38  Shield Battery  
  131  23:39  Zealot x4  
  139  23:42  Probe x2  
  139  23:43  Probe  
  79  24:07  Stalker x6  
  79  24:08  Stalker  
  75  24:14  Stalker  
  65  24:28  Stalker x2  
  65  24:31  Unknown  
Tags
 
Add a new tag
Caveats
  • Supply blocks, unpowered buildings, or Contaminate may cause inaccurate times.
  • Supply counts are checked every 10 seconds.